 Dungeon Crawl Stone Soup version 0.23-a0-512-g50a8178 (webtiles) character file.

149949 TheGoonsmith the Executioner (level 16, -2/226 (228) HPs)
             Began as a Minotaur Berserker on Dec 4, 2018.
             Was the Champion of Trog.
             Killed from afar by a shock serpent (8 damage)
             ... with an electric aura
             ... on level 1 of the Snake Pit.
             The game lasted 00:52:34 (24578 turns).

TheGoonsmith the Executioner (Minotaur Berserker)  Turns: 24578, Time: 00:52:34

HP:   -2/226 (228)  AC: 33    Str: 26    XL:     16   Next: 97%
MP:   0/20          EV: 18    Int:  4    God:    Trog [******]
Gold: 435           SH:  0    Dex: 18    Spells: 15/15 levels left

rFire    + . .     SeeInvis .   a - +3 executioner's axe (flame)
rCold    . . .     Gourm    .   (shield currently unavailable)
rNeg     . . .     Faith    .   A - +6 plate armour of the Gardener {rF+}
rPois    .         Spirit   +   (helmet restricted)
rElec    .         Reflect  .   t - +2 cloak
rCorr    .         Harm     .   J - +2 pair of gloves
MR       ++++.                  X - +2 pair of boots
Stlth    ..........             B - amulet of guardian spirit
HPRegen  1.47/turn              z - ring of protection from magic
MPRegen  0.17/turn              e - +4 ring of evasion

@: berserking, lethally poisoned (-2 -> -2), regenerating, studying Fighting,
very quick
A: retaliatory headbutt, horns 2
a: Berserk, Trog's Hand, Brothers in Arms, Renounce Religion


You were on level 1 of the Snake Pit.
You worshipped Trog.
Trog was exalted by your worship.
You were near starving.

You visited 4 branches of the dungeon, and saw 24 of its levels.
You also visited: Labyrinth.

You collected 2588 gold pieces.
You spent 2153 gold pieces at shops.

Inventory:

Hand Weapons
 a - a +3 executioner's axe of flaming (weapon)
 b - a +2 battleaxe of flaming
Missiles
 d - 44 tomahawks (quivered)
 k - 4 tomahawks of returning
 y - 8 poisoned javelins
 I - 14 steel javelins
 Q - 5 throwing nets
Armour
 t - a +2 cloak (worn)
 A - the +6 plate armour of the Gardener (worn) {rF+}
   (You found it on level 5 of the Lair of Beasts)

   It protects you from fire.
 J - a +2 pair of gloves (worn)
 X - a +2 pair of boots (worn)
Jewellery
 e - a +4 ring of evasion (right hand)
 z - a ring of protection from magic (left hand)
 B - an amulet of guardian spirit (around neck)
 L - an uncursed ring of flight
Wands
 h - a wand of enslavement (27)
 i - a wand of flame (14)
 o - a wand of polymorph (27)
 q - a wand of iceblast (22)
 s - a wand of paralysis (26)
 D - a wand of clouds (6)
 U - a wand of disintegration (10)
 Y - a wand of digging (8)
 Z - a wand of acid (10)
Scrolls
 n - 9 scrolls of teleportation
 r - 6 scrolls of identify
 E - 3 scrolls of fear
 F - a scroll of enchant armour
 H - a scroll of blinking
 O - 9 scrolls of remove curse
 P - a scroll of fog
 V - a scroll of magic mapping
Potions
 f - a potion of magic
 g - 12 potions of curing
 j - 3 potions of flight
 l - 7 potions of heal wounds
 m - 2 potions of cancellation
 p - 5 potions of resistance
 u - 5 potions of haste
 w - a potion of ambrosia
 x - 3 potions of might
 G - 3 potions of berserk rage
 R - 4 potions of agility
 S - 4 potions of invisibility
Books
 W - a manual of Fighting
Miscellaneous
 N - a fan of gales
Comestibles
 c - 34 rations
 v - 5 chunks of flesh


   Skills:
 + Level 16.5 Fighting
 * Level 21.4 Axes
 + Level 6.3 Throwing
 + Level 15.1 Armour
 + Level 9.5 Dodging
   Level 4.0 Shields
 - Level 7.0 Evocations


You had 15 spell levels left.
You didn't know any spells.
Your spell library was empty.

Dungeon Overview and Level Annotations

Branches:
Dungeon (15/15)            Temple (0/1) D:7            Lair (6/6) D:11
 Shoals (0/4) Lair:4        Snake (1/4) Lair:2        Slime (0/5) Lair:6
    Orc (2/2) D:10            Elf (0/3) Orc:2        Vaults (0/5) D:13
 Depths (0/5) D:15

Altars:
Elyvilon
Fedhas
Gozag
Sif Muna
Trog
Wu Jian
Zin
Beogh
Jiyva

Shops:
D:5 *   D:6 *   D:10 (   Orc:1 !   Orc:2 (}???

Annotations:
Lair:5 exclusion: oklob plant


Innate Abilities, Weirdness & Mutations

You reflexively headbutt those who attack you in melee.
You have a pair of horns on your head.


Message History

* * * LOW HITPOINT WARNING * * *
The anaconda constricts you.
The black mamba bites you but does no damage.
Unknown command.
You are too berserk!
Eat one of 5 chunks of flesh? (ye/n/q)
Okay, then.
You open the anaconda like a pillowcase!!!
You burn the anaconda.
You kill the anaconda!
Trog accepts your kill.
You cut the anaconda into ribbons!!! You burn the anaconda!!
You kill the anaconda!
Trog accepts your kill.
You slice the mana viper!! You burn the mana viper.
You kill the mana viper!
Trog accepts your kill.
You slash the shock serpent! You burn the shock serpent.
The shock serpent's electric aura discharges, shocking you!
You die...

#######...
......... ###
........ #...
#.....# .
#...##.....##..
#.....NN.......
#....NSSSS.....
#....N†@8N.....
......N†.SN.....
......NNSN......
..#..##.....##..
# #.. #..?..# .
#.N ........ ...
......... ##.
##.......)


You could see 2 naga ritualists, a shock serpent, a guardian serpent, 4 black
mambas, a naga mage and 7 nagas.

Vanquished Creatures
  A stone giant (Orc:2)
  A minotaur (Lab)
  An ettin (Orc:1)
  The ghost of Think the Blocker, a journeyman GnFi of Okawaru (Lair:6)
  2 fire dragons (D:15)
  Josephine (D:11)
  A death ooze (Lair:6)
  A yaktaur captain (D:15)
  Erolcha (D:9)
  Harold (Lair:1)
  8 hydras
  3 vault guards (D:13)
  2 anacondas (Snake:1)
  Erica (D:10)
  4 centaur warriors
  3 two-headed ogres
  A death yak (Lair:2)
  2 tengu warriors (D:13)
  An unseen horror (D:15)
  A glowing orange brain (D:13)
  9 skeletal warriors (D:14)
  A wizard (D:13)
  Pikel (D:5)
  8 orc knights
  2 deep elf magi
  2 necromancers
  A wolf spider (D:15)
  A mana viper (Snake:1)
  10 ugly things
  2 orc sorcerers (Orc:2)
  10 manticores
  3 cyclopes
  2 centaur zombies (D:14)
  8 black mambas
  Joseph (D:7)
  6 elephants (Lair:5)
  A torpor snail (Lair:2)
  4 centaur skeletons
  8 spiny frogs
  4 gargoyles
  5 rime drakes
  A yaktaur (D:13)
  5 komodo dragons
  3 meliai (D:13)
  5 trolls
  7 polar bears
  5 hornets
  3 dream sheep (Lair:6)
  8 slime creatures
  15 blink frogs
  12 hippogriffs
  A centaur simulacrum (D:15)
  7 wraiths
  A shadow (D:11)
  11 spriggans (Lair:6)
  7 wyverns
  39 yaks
  2 basilisks (Lair:2)
  A hungry ghost (D:13)
  3 vampire mosquitoes (D:15)
  A steam dragon (shapeshifter) (D:15)
  20 humans
  7 wargs
  Menkaure (D:6)
  A soldier ant (D:15)
  2 nagas (Lair:2)
  Edmund (D:4)
  8 porcupines
  18 water moccasins
  Purgy (D:3)
  37 orc warriors
  4 sky beasts
  8 ice beasts
  3 phantoms
  An eye of draining (D:10)
  4 black bears
  14 ogres
  A necrophage (D:12)
  4 boggarts (Lair:6)
  18 wolves
  3 centaurs
  13 crocodiles
  2 big kobolds
  Blork the orc (D:6)
  17 bullfrogs
  2 gnoll sergeants
  8 scorpions
  12 killer bees (D:11)
  19 wights
  9 crimson imps
  9 howler monkeys
  2 quasits
  A bullfrog skeleton (D:13)
  4 hounds
  10 jellies
  Crazy Yiuf (D:3)
  11 orc priests
  Jessica (D:3)
  3 iguanas
  Terence (D:3)
  Ijyb (D:4)
  13 orc wizards
  5 hell rats (Lair:6)
  11 worker ants
  A killer bee zombie (D:7)
  An ogre zombie (D:4)
  A hound zombie (D:9)
  A hound skeleton (D:9)
  A worker ant zombie (D:5)
  21 adders
  13 gnolls
  A gnoll zombie (D:4)
  2 orc zombies (D:4)
  An adder zombie (D:8)
  3 adder skeletons
  3 worms
  3 dart slugs
  5 leopard geckos
  72 orcs
  4 bats
  4 giant cockroaches
  8 goblins
  11 hobgoblins
  21 jackals
  5 quokkas
  3 ball pythons
  5 frilled lizards
  18 kobolds
  A quokka skeleton (D:8)
  A quokka zombie (D:7)
  6 rats
  A bush (Lair:5)
  5 fungi
  5 plants
802 creatures vanquished.

Vanquished Creatures (collateral kills)
  3 orc knights (Orc:2)
  2 orc warriors (Orc:2)
  An orc (Orc:2)
6 creatures vanquished.

Vanquished Creatures (others)
  A hound (D:5)
  A gnoll (Orc:1)
  9 fungi
  6 plants
  5 toadstools (D:1)
22 creatures vanquished.

Grand Total: 830 creatures vanquished

Notes
Turn   | Place    | Note
-------+----------+-------------------------------------------
     0 | D:1      | TheGoonsmith the Minotaur Berserker began the quest for the
                  | Orb.
     0 | D:1      | Reached XP level 1. HP: 19/19 MP: 0/0
    76 | D:1      | Reached XP level 2. HP: 20/27 MP: 1/1
    77 | D:1      | Reached skill level 4 in Axes
   255 | D:1      | Reached XP level 3. HP: 30/33 MP: 2/2
   555 | D:2      | Reached ** piety under Trog
   877 | D:2      | Noticed a sky beast
   900 | D:1      | Killed a sky beast
   900 | D:1      | Reached skill level 5 in Axes
   900 | D:1      | Reached XP level 4. HP: 16/41 MP: 3/3
   900 | D:1      | Reached XP level 5. HP: 19/47 MP: 4/4
  1540 | D:3      | Found a runed door.
  1612 | D:3      | Found an ornate altar of the Wu Jian Council.
  1612 | D:3      | Noticed Purgy
  1620 | D:3      | Killed Purgy
  1620 | D:3      | Reached skill level 5 in Fighting
  1620 | D:3      | Reached skill level 6 in Axes
  1620 | D:3      | Reached XP level 6. HP: 56/56 MP: 5/5
  1679 | D:3      | Found a blossoming altar of Fedhas.
  1686 | D:3      | Noticed Jessica
  1687 | D:3      | Killed Jessica
  1850 | D:3      | Noticed Crazy Yiuf
  1850 | D:3      | Noticed Terence
  1852 | D:3      | Killed Terence
  1855 | D:3      | Killed Crazy Yiuf
  2200 | D:4      | Reached *** piety under Trog
  2209 | D:4      | Reached skill level 7 in Axes
  2209 | D:4      | Reached XP level 7. HP: 61/61 MP: 6/6
  2211 | D:4      | Noticed Edmund
  2221 | D:4      | Killed Edmund
  2236 | D:4      | Reached skill level 5 in Armour
  2407 | D:4      | Found a transporter.
  2636 | D:4      | Noticed Ijyb
  2640 | D:4      | Killed Ijyb
  2659 | D:4      | Found a transporter.
  2823 | D:4      | Found a bloodstained altar of Trog.
  3593 | D:5      | Entered Level 5 of the Dungeon
  3762 | D:5      | Reached skill level 8 in Axes
  3823 | D:5      | Noticed Pikel
  3834 | D:5      | Killed Pikel
  3834 | D:5      | Reached skill level 9 in Axes
  3834 | D:5      | Reached XP level 8. HP: 46/70 MP: 7/7
  3949 | D:5      | Reached skill level 10 in Axes
  3960 | D:5      | Found an opulent altar of Gozag.
  3962 | D:5      | Found Gozag's Platinum Reserve.
  4005 | D:5      | Found a white marble altar of Elyvilon.
  4238 | D:5      | Reached skill level 11 in Axes
  4440 | D:6      | Noticed Menkaure
  4444 | D:6      | Killed Menkaure
  4444 | D:6      | Reached skill level 1 in Shields
  4451 | D:6      | Found Puorphuf's Elemental Accessories.
  4497 | D:6      | Reached XP level 9. HP: 68/75 MP: 8/8
  4674 | D:6      | Reached **** piety under Trog
  4888 | D:6      | Found a glowing silver altar of Zin.
  4908 | D:6      | Noticed Blork the orc
  4915 | D:6      | Found a deep blue altar of Sif Muna.
  4922 | D:6      | Killed Blork the orc
  4922 | D:6      | Reached skill level 12 in Axes
  5122 | D:7      | Noticed Joseph
  5138 | D:7      | Killed Joseph
  5138 | D:7      | Reached skill level 13 in Axes
  5181 | D:7      | Found a staircase to the Ecumenical Temple.
  5252 | D:7      | Reached skill level 14 in Axes
  5908 | D:8      | Reached XP level 10. HP: 83/83 MP: 9/9
  5946 | D:8      | Reached skill level 1 in Evocations
  7042 | D:9      | Noticed Erolcha
  7052 | D:9      | Killed Erolcha
  7198 | D:9      | Reached skill level 5 in Dodging
  7201 | D:9      | Reached ***** piety under Trog
  7797 | D:10     | Entered Level 10 of the Dungeon
  7917 | D:10     | Paralysed by a hornet for 2 turns
  7923 | D:10     | Reached XP level 11. HP: 94/94 MP: 7/12
  7999 | D:10     | Found Xoloka's Weapon Shop.
  8009 | D:10     | Found a staircase to the Orcish Mines.
  8173 | D:10     | Noticed Erica
  8196 | D:10     | Killed Erica
  9074 | D:11     | Noticed Josephine
  9091 | D:11     | Reached skill level 15 in Axes
  9095 | D:11     | Killed Josephine
  9233 | D:11     | Reached skill level 5 in Evocations
  9294 | D:11     | Found a staircase to the Lair.
  9332 | D:11     | Noticed a purple ugly thing
  9342 | D:11     | Killed a purple ugly thing
  9515 | D:11     | Received a gift from Trog
  9608 | D:11     | Reached skill level 10 in Armour
  9749 | Orc:1    | Entered Level 1 of the Orcish Mines
  9772 | Orc:1    | Found a roughly hewn altar of Beogh.
  9788 | Orc:1    | Noticed an ettin
  9799 | Orc:1    | Reached ****** piety under Trog
  9804 | Orc:1    | Killed an ettin
  9804 | Orc:1    | Reached skill level 10 in Fighting
  9804 | Orc:1    | Reached XP level 12. HP: 48/106 MP: 3/15
 10158 | Orc:1    | Found Egre's Distillery.
 10371 | Orc:2    | Entered Level 2 of the Orcish Mines
 10621 | Orc:2    | Found a staircase to the Elven Halls.
 10674 | Orc:2    | Noticed a stone giant
 10700 | Orc:2    | Killed a stone giant
 10721 | Orc:2    | Found Pyiluurr's Magic Scroll Emporium.
 10887 | Orc:2    | Received a gift from Trog
 10887 | Orc:2    | Reached skill level 16 in Axes
 11309 | Orc:2    | Received a gift from Trog
 12271 | Orc:2    | Found Zomuoraell's Gadget Boutique.
 12271 | Orc:2    | Found Sajacoth's Antique Weapon Shoppe.
 12553 | Orc:2    | Found Vuint's Magic Scroll Boutique.
 12553 | Orc:2    | Found Kobulug's Magic Scroll Shoppe.
 12557 | Orc:2    | Bought a scroll of brand weapon for 280 gold pieces
 12591 | Orc:2    | Found a roughly hewn altar of Beogh.
 12698 | Orc:1    | Bought 2 potions of experience for 1100 gold pieces
 12698 | Orc:1    | Reached skill level 17 in Axes
 12698 | Orc:1    | Reached XP level 13. HP: 117/117 MP: 17/17
 12699 | Orc:1    | Reached skill level 18 in Axes
 12699 | Orc:1    | Reached XP level 14. HP: 126/126 MP: 18/18
 12753 | Orc:2    | Bought a scroll of identify for 26 gold pieces
 12753 | Orc:2    | Bought a scroll of identify for 26 gold pieces
 12753 | Orc:2    | Bought a scroll of identify for 26 gold pieces
 12753 | Orc:2    | Bought a scroll of teleportation for 39 gold pieces
 12753 | Orc:2    | Bought a scroll of identify for 26 gold pieces
 13062 | Lair:1   | Entered Level 1 of the Lair of Beasts
 13311 | Lair:1   | Reached XP level 15. HP: 134/134 MP: 19/19
 13322 | Lair:1   | Noticed Harold
 13339 | Lair:1   | Killed Harold
 13978 | Lair:2   | Paralysed by a hornet for 1 turns
 14578 | Lair:2   | Reached skill level 19 in Axes
 14626 | Lair:2   | Received a gift from Trog
 14683 | Lair:2   | Found a staircase to the Snake Pit.
 15661 | Lair:4   | Found a labyrinth entrance.
 15668 | Lab      | Entered a labyrinth
 16345 | Lab      | Got a clouded steel ring
 16486 | Lair:4   | Identified the ring "Gouhunav" {rCorr Int+6 Dex-2} (You
                  | found it in a labyrinth)
 16693 | Lair:4   | Found a staircase to the Shoals.
 17914 | Lair:5   | Reached skill level 1 in Throwing
 18346 | Lair:5   | Received a gift from Trog
 18406 | Lair:5   | Got an ichor-stained plate armour
 18413 | Lair:5   | Identified the +6 plate armour of the Gardener {rF+} (You
                  | found it on level 5 of the Lair of Beasts)
 18878 | Lair:6   | Entered Level 6 of the Lair of Beasts
 18998 | Lair:6   | Found a runed gate.
 18998 | Lair:6   | Found a runed gate.
 18998 | Lair:6   | Found a runed gate.
 19014 | Lair:6   | Received a gift from Trog
 19088 | Lair:6   | Noticed Think's ghost (journeyman GnFi)
 19213 | Lair:6   | Found a staircase to the Slime Pits.
 19213 | Lair:6   | Found a viscous altar of Jiyva.
 19287 | Lair:6   | Reached skill level 20 in Axes
 19361 | Lair:6   | Received a gift from Trog
 19457 | Lair:6   | Identified the Volume of Ice and Black Rituals
 19858 | Lair:6   | Found a viscous altar of Jiyva.
 19888 | Lair:6   | Killed Think's ghost
 20177 | Orc:2    | Bought a scroll of enchant weapon for 127 gold pieces
 20177 | Orc:2    | Bought a scroll of identify for 34 gold pieces
 20177 | Orc:2    | Bought a scroll of teleportation for 51 gold pieces
 20212 | Orc:1    | Bought a potion of haste for 110 gold pieces
 20212 | Orc:1    | Bought 2 potions of haste for 220 gold pieces
 20212 | Orc:1    | Bought a potion of invisibility for 88 gold pieces
 20342 | D:12     | Reached XP level 16. HP: 142/146 MP: 18/20
 21099 | D:13     | Received a gift from Trog
 21100 | D:13     | Reached skill level 15 in Fighting
 21192 | D:13     | Found a gate to the Vaults.
 21555 | D:14     | Reached skill level 5 in Throwing
 21827 | D:14     | Received a gift from Trog
 21836 | D:14     | HP: 6/149 [skeletal warrior/+0 glaive[a skeletal warrior]
                  | (13)]
 22809 | D:14     | Reached skill level 21 in Axes
 23221 | D:15     | Entered Level 15 of the Dungeon
 23610 | D:15     | Received a gift from Trog
 23771 | D:15     | Received a gift from Trog
 23894 | D:15     | Found a staircase to the Depths.
 23977 | D:15     | Reached skill level 15 in Armour
 24565 | Snake:1  | Entered Level 1 of the Snake Pit
 24577 | Snake:1  | HP: 8/226 [mana viper (14)]
 24578 | Snake:1  | Killed from afar by a shock serpent

Vault maps used:
D:1:      ldierk_walled_garden, supply_closet_lemuel
D:2:      first_ration, hex_tiny
D:3:      lemuel_doored_altar, old_standard_altar, uniq_crazy_yiuf_cottage,
          uniq_terence, uniq_purgy, uniq_jessica
D:4:      gammafunk_cloud_chamber, serial_rivers,
          chequers_serial_rivers_large_a, chequers_serial_rivers_small_b,
          chequers_serial_rivers_micro_a, chequers_serial_rivers_marsh,
          chequers_serial_rivers_micro_d, chequers_serial_rivers_micro_e,
          trog_book, uniq_ijyb, uniq_edmund
D:5:      nicolae_gozag_zags_fifth_avenue, elyvilon_altar_5, uniq_pikel
D:6:      zin_statuary, nicolae_elemental_shop, tgw_sif, uniq_menkaure
D:7:      minmay_temple_entry_trees, minmay_fractal_squares_diagonal_5,
          uniq_joseph
D:9:      grunt_pizzeria, uniq_erolcha
D:10:     orc_david_3, uniq_erica
D:11:     dpeg_oklobed_lair, uniq_josephine
D:13:     grunt_vaults_entry_tiered, small_chamber_with_monster
D:14:     bh_walls_and_bars, lemuel_flamethrower_3
D:15:     grunt_enter_depths_hoard, grunt_tough_drop
Lair:1:   uniq_harold
Lair:2:   minmay_lair_venomous_thicket, guppyfry_snake_entry_garden
Lair:4:   elwin_shoals_entry_rocks, lab_entry_generic, beast_lair_carwin_1,
          lemuel_fruit_tree
Lair:5:   st_stairs_10, chequers_serial_rivers_marsh, minmay_hedge_maze,
          grunt_megastairs_4, serial_bayou_shore_b
Lair:6:   minmay_lair_end_enchanted_forest, slime_altar_1, gammafunk_ghost_ooze
Snake:1:  serial_shops, shop_statue, evilmike_ambush, grunt_megastairs_2
Orc:1:    serial_shops, nicolae_shop_trees, basic_altar
Orc:2:    st_orc_town, serial_shops, nicolae_shop_competitors_out_of_business
Lab:      labyrinth_hidden_loot, nicolae_lab_do_over

Skill      XL: |  1  2  3  4  5  6  7  8  9 10 11 12 13 14 15 16 |
---------------+-------------------------------------------------+-----
Axes           | 4 5 6 7 9 11 14 15 17 18 20 21 | 21.4
Fighting       | 4 5 6 7 10 11 12 14 16 | 16.5
Armour         | 3 4 6 8 10 11 12 14 15 | 15.1
Dodging        | 3 5 6 7 9 |  9.5
Shields        | 1 4 |  4.0
Evocations     | 3 5 7 |  7.0
Throwing       | 3 6 |  6.3

Action                   |  1- 3 |  4- 6 |  7- 9 | 10-12 | 13-15 | 16-18 || total
-------------------------+-------+-------+-------+-------+-------+-------++-------
Melee: Hand axe          |    72 |    76 |    35 |       |       |       ||   183
       Headbutt          |     7 |    17 |    67 |   187 |   137 |    90 ||   505
       War axe           |       |       |   236 |   749 |       |       ||   985
       Executioner's axe |       |       |       |    68 |   571 |   353 ||   992
       Battleaxe         |       |       |       |       |    22 |    16 ||    38
Invok: Trog's Hand       |     2 |       |     1 |     3 |     1 |     2 ||     9
       Berserk           |     1 |       |     1 |     5 |     1 |     2 ||    10
       Brothers in Arms  |       |       |       |     1 |       |       ||     1
Evoke: Wand              |       |       |     2 |       |       |       ||     2
  Use: Scroll            |       |     6 |    13 |     8 |    16 |     5 ||    48
       Potion            |       |       |     2 |     1 |     1 |       ||     4
 Stab: Distracted        |       |       |       |     2 |       |       ||     2
  Eat: Chunk             |       |     2 |    11 |    29 |    15 |     9 ||    66
       Ration            |       |     1 |     2 |       |     3 |     2 ||     8
Armor: Animal skin       |     6 |       |       |       |       |       ||     6
       Chain mail        |    30 |    30 |   104 |   262 |   152 |       ||   578
       Plate armour      |       |       |       |       |   151 |   275 ||   426
Dodge: Dodged            |    44 |    42 |   124 |   440 |   482 |   359 ||  1491
Block: Buckler           |       |       |    22 |   137 |       |       ||   159

Table legend:
 A = Non-vault XP
 B = Vault XP
 C = Vault XP percentage of total XP
 D = Non-vault monster count
 E = Vault monster count
 F = Vault count percentage of total count
                 A         B        C        D         E       F
            +---------+---------+-------+---------+---------+-------
      Total |   99763 |   50857 |  33.8 |     599 |     199 |  24.9
            +---------+---------+-------+---------+---------+-------
        D:1 |     180 |       0 |   0.0 |      25 |       0 |   0.0
        D:2 |      45 |       0 |   0.0 |      19 |       0 |   0.0
        D:3 |     132 |     253 |  65.7 |      30 |       4 |  11.8
        D:4 |     245 |     247 |  50.2 |      13 |       6 |  31.6
        D:5 |     789 |     629 |  44.4 |      21 |       1 |   4.5
        D:6 |     562 |     263 |  31.9 |      15 |       2 |  11.8
        D:7 |    1299 |     822 |  38.8 |      27 |       6 |  18.2
        D:8 |    1402 |       0 |   0.0 |      24 |       0 |   0.0
        D:9 |    2264 |    1179 |  34.2 |      28 |       2 |   6.7
       D:10 |    2670 |    1320 |  33.1 |      38 |       6 |  13.6
       D:11 |    4147 |    2127 |  33.9 |      38 |       6 |  13.6
       D:12 |    4688 |       0 |   0.0 |      31 |       0 |   0.0
       D:13 |    8008 |    9130 |  53.3 |      21 |      26 |  55.3
       D:14 |   16684 |       0 |   0.0 |      39 |       0 |   0.0
       D:15 |   14992 |    5666 |  27.4 |      43 |       8 |  15.7
     Lair:1 |    4307 |     997 |  18.8 |      20 |       1 |   4.8
     Lair:2 |    5382 |    1394 |  20.6 |      17 |      14 |  45.2
     Lair:3 |    2744 |       0 |   0.0 |      10 |       0 |   0.0
     Lair:4 |    5772 |    1581 |  21.5 |      20 |       7 |  25.9
     Lair:5 |    7570 |    1955 |  20.5 |      27 |       4 |  12.9
     Lair:6 |    7474 |   10494 |  58.4 |      34 |      46 |  57.5
    Snake:1 |     476 |    2855 |  85.7 |       1 |       4 |  80.0
      Orc:1 |    4095 |     130 |   3.1 |      34 |       1 |   2.9
      Orc:2 |    3836 |    8523 |  69.0 |      24 |      54 |  69.2
        Lab |       0 |    1292 | 100.0 |       0 |       1 | 100.0
            +---------+---------+-------+---------+---------+-------
